MWL (24 & UNDER)
MANHATTEN MEATHEADS @ BARRY'S BAY ORIOLES
07/02/2029
 
TOP OF THE 1ST
Manhatten Meatheads batting - Pitching for Barry's Bay Orioles : LHP Andrew Steele
Pitching: LHP Andrew Steele
Batting: RHB Santiago Díaz 0-0: Ball
1-0: Ball
2-0: Ground out 5-3 (Groundball, 25)
Batting: LHB Manuel Ortega 0-0: SINGLE (Line Drive, 4M)
Batting: RHB James Morris 0-0: Ball
1-0: Called Strike
1-1: Called Strike
Manuel Ortega is caught stealing 2nd base
1-2: Foul Ball, location: 2F
1-2: Strikes out swinging
Top of the 1st over - 0 runs, 1 hit, 0 errors, 0 left on base; Manhatten 0 - Barry's Bay 0
BOTTOM OF THE 1ST
Barry's Bay Orioles batting - Pitching for Manhatten Meatheads : RHP Joseph Burch
Pitching: RHP Joseph Burch
Batting: SHB José Rojas 0-0: Swinging Strike
0-1: SINGLE (Groundball, 4MD)
Batting: LHB Joe Vásquez 0-0: Ball
José Rojas is caught stealing 2nd base
1-0: Foul Ball, location: 2F
1-1: Called Strike
1-2: Ball
2-2: Ball
3-2: Strikes out looking
Batting: RHB Jim Martin 0-0: DOUBLE (Line Drive, 7D)
Batting: LHB Greg Sharpe 0-0: Foul Ball, location: 2F
0-1: Ball
1-1: TRIPLE (Flyball, 8RXD)
Jim Martin scores
Batting: RHB Lynn Johnson 0-0: SINGLE (Flyball, 78S)
Greg Sharpe scores
Batting: RHB Juan Morales 0-0: Foul Ball, location: 2F
0-1: Ball
1-1: SINGLE (Groundball, 56D)
Lynn Johnson to second
Batting: RHB Jason Cook 0-0: Ball
1-0: Fielders Choice at 2nd, 6-4 (Groundball, 56)
Bottom of the 1st over - 2 runs, 5 hits, 0 errors, 2 left on base; Manhatten 0 - Barry's Bay 2
TOP OF THE 2ND
Manhatten Meatheads batting - Pitching for Barry's Bay Orioles : LHP Andrew Steele
Batting: RHB Pedro Delgado 0-0: Ball
1-0: Ball
2-0: Ball
3-0: Called Strike
3-1: Fly out, F7 (Flyball, 78D)
Batting: LHB Brent Haynes 0-0: Foul Ball, location: 2F
0-1: Foul Ball, location: 2F
0-2: Foul Ball, location: 2F
0-2: Ball
1-2: Ball
2-2: Ball
3-2: SINGLE (Flyball, 78S)
Batting: LHB Miguel Pérez 0-0: Ball
1-0: Ball
2-0: Called Strike
2-1: Foul Ball, location: 2F
2-2: Ball
3-2: Base on Balls
Brent Haynes to second
Batting: RHB Ricardo Medina 0-0: Swinging Strike
0-1: Ball
1-1: SINGLE (Flyball, 78M)
Brent Haynes to third
Miguel Pérez to second
Runner from 3rd tries for Home, throw and OUT!
Batting: RHB Luis Reynoso 0-0: Ball
1-0: SINGLE (Groundball, 56D)
Miguel Pérez to third
Ricardo Medina to second
Throwing error, E7
Miguel Pérez scores
Ricardo Medina to third
Luis Reynoso to second
Batting: RHB Rudy Boyd 0-0: Called Strike
0-1: Foul Ball, location: 2F
0-2: Ball
1-2: Ball
2-2: Ball
3-2: Fly out, F8 (Flyball, 8RD)
Top of the 2nd over - 1 run, 3 hits, 1 error, 2 left on base; Manhatten 1 - Barry's Bay 2
BOTTOM OF THE 2ND
Barry's Bay Orioles batting - Pitching for Manhatten Meatheads : RHP Joseph Burch
Batting: RHB River Cunningham 0-0: Foul Ball, location: 2F
0-1: Swinging Strike
0-2: Foul Ball, location: 2F
0-2: Hit by Pitch
Batting: RHB Octávio Aldeguer 0-0: Ball
1-0: Ball
2-0: SINGLE (Flyball, 78S)
River Cunningham to second
Batting: SHB José Rojas 0-0: Ball
1-0: Called Strike
1-1: DOUBLE (Flyball, 78XD)
River Cunningham scores
Octávio Aldeguer to third
Runner from 3rd tries for Home, SAFE, no throw
Batting: LHB Joe Vásquez 0-0: Swinging Strike
0-1: Called Strike
0-2: Ball
1-2: Ball
2-2: Strikes out looking
Batting: RHB Jim Martin 0-0: Called Strike
0-1: SINGLE (Line Drive, 89S)
José Rojas to third
Runner from 3rd tries for Home, SAFE, throw made home
Batting: LHB Greg Sharpe 0-0: Ball
1-0: Called Strike
1-1: Fly out, F8 (Flyball, 8RXD)
Pitching: LHP León Vargas
Batting: RHB Lynn Johnson 0-0: Called Strike
0-1: Ball
1-1: Ball
2-1: Foul Ball, location: 2F
2-2: Strikes out looking
Bottom of the 2nd over - 3 runs, 3 hits, 0 errors, 1 left on base; Manhatten 1 - Barry's Bay 5
TOP OF THE 3RD
Manhatten Meatheads batting - Pitching for Barry's Bay Orioles : LHP Andrew Steele
Batting: RHB Santiago Díaz 0-0: Called Strike
0-1: Ball
1-1: Ball
2-1: Foul Ball, location: 2F
2-2: Foul Ball, location: 2F
2-2: Foul Ball, location: 2F
2-2: SINGLE (Groundball, 25) (infield hit)
Batting: LHB Manuel Ortega 0-0: Ball
1-0: Ball
2-0: Foul Ball, location: 2F
2-1: Called Strike
2-2: Foul Ball, location: 2F
2-2: Fly out, F7 (Flyball, 7LM)
Batting: RHB James Morris 0-0: Ball
1-0: Called Strike
1-1: Ball
2-1: Foul Ball, location: 2F
2-2: Strikes out swinging
Batting: RHB Pedro Delgado 0-0: Called Strike
Santiago Díaz is caught stealing 2nd base
Top of the 3rd over - 0 runs, 1 hit, 0 errors, 0 left on base; Manhatten 1 - Barry's Bay 5
BOTTOM OF THE 3RD
Barry's Bay Orioles batting - Pitching for Manhatten Meatheads : LHP León Vargas
Batting: RHB Juan Morales 0-0: Foul Ball, location: 2F
0-1: Ball
1-1: Ground out 6-3 (Groundball, 6)
Batting: RHB Jason Cook 0-0: Ball
1-0: Swinging Strike
1-1: Foul Ball, location: 2F
1-2: Strikes out swinging
Batting: RHB River Cunningham 0-0: Ball
1-0: SINGLE (Groundball, 3D)
Batting: RHB Octávio Aldeguer 0-0: Ball
1-0: Ball
2-0: Ball
3-0: Foul Ball, location: 2F
3-1: Swinging Strike
3-2: Foul Ball, location: 2F
3-2: Foul Ball, location: 2F
3-2: Strikes out swinging
Bottom of the 3rd over - 0 runs, 1 hit, 0 errors, 1 left on base; Manhatten 1 - Barry's Bay 5
TOP OF THE 4TH
Manhatten Meatheads batting - Pitching for Barry's Bay Orioles : LHP Andrew Steele
Batting: RHB Pedro Delgado 0-0: Ball
1-0: Foul Ball, location: 2F
1-1: Called Strike
1-2: Ball
2-2: Foul Ball, location: 2F
2-2: Ball
3-2: Base on Balls
Batting: LHB Brent Haynes 0-0: Ground out U3 (Groundball, 3)
Pedro Delgado to second
Batting: LHB Miguel Pérez 0-0: Ball
1-0: Ball
2-0: Ball
3-0: Base on Balls
Batting: RHB Ricardo Medina 0-0: Called Strike
0-1: Foul Ball, location: 2F
0-2: Strikes out swinging
Batting: RHB Luis Reynoso 0-0: Ball
1-0: Called Strike
1-1: 3-RUN HOME RUN (Flyball, 7D), Distance : 359 ft
Batting: RHB Rudy Boyd 0-0: Foul Ball, location: 2F
0-1: Ball
1-1: Ball
2-1: Ball
3-1: Called Strike
3-2: Foul Ball, location: 2F
3-2: SOLO HOME RUN (Flyball, 7D), Distance : 345 ft
Batting: RHB Santiago Díaz 0-0: Ball
1-0: Ball
2-0: Ball
3-0: Called Strike
3-1: Foul Ball, location: 2F
3-2: Ground out 6-3 (Groundball, 6M)
Top of the 4th over - 4 runs, 2 hits, 0 errors, 0 left on base; Manhatten 5 - Barry's Bay 5
BOTTOM OF THE 4TH
Barry's Bay Orioles batting - Pitching for Manhatten Meatheads : LHP León Vargas
Batting: SHB José Rojas 0-0: SINGLE (Groundball, 25) (infield hit)
Batting: LHB Joe Vásquez 0-0: Swinging Strike
0-1: Fly out, F8 (Flyball, 8LS)
Batting: RHB Jim Martin 0-0: Ball
1-0: Called Strike
1-1: Ball
José Rojas is caught stealing 2nd base
2-1: Swinging Strike
2-2: Ball
3-2: Foul Ball, location: 2F
3-2: DOUBLE (Flyball, 8RD)
Batting: LHB Greg Sharpe 0-0: Foul Ball, location: 2F
0-1: Swinging Strike
0-2: Ball
1-2: Foul Ball, location: 2F
1-2: SINGLE (Line Drive, 7S)
Jim Martin to third
Runner from 3rd tries for Home, SAFE, no throw
Batting: RHB Lynn Johnson 0-0: Ball
1-0: Foul Ball, location: 2F
1-1: Ball
2-1: Called Strike
2-2: Foul Ball, location: 2F
2-2: SINGLE (Line Drive, 6MD)
Greg Sharpe to second
Runner from 2nd tries for 3rd, SAFE, no throw
Batting: RHB Juan Morales 0-0: Called Strike
0-1: Ball
1-1: Foul Ball, location: 2F
1-2: Ball
2-2: Ball
3-2: SINGLE (Groundball, 6MD)
Greg Sharpe scores
Lynn Johnson to second
Lynn Johnson to third
Batting: RHB Jason Cook 0-0: Ball
1-0: Foul Ball, location: 2F
1-1: Fielders Choice at 2nd, 5-4 (Groundball, 5)
Bottom of the 4th over - 2 runs, 5 hits, 0 errors, 2 left on base; Manhatten 5 - Barry's Bay 7
TOP OF THE 5TH
Manhatten Meatheads batting - Pitching for Barry's Bay Orioles : LHP Andrew Steele
Pitching: LHP José Meléndez
Batting: LHB Manuel Ortega 0-0: Ball
1-0: Ball
2-0: Called Strike
2-1: Ball
3-1: Base on Balls
Batting: RHB James Morris 0-0: Ball
1-0: Called Strike
1-1: Ball
2-1: Fly out, F5 (Popup, 5S)
Batting: RHB Pedro Delgado 0-0: Ball
1-0: Ball
2-0: Ball
3-0: Called Strike
3-1: Base on Balls
Manuel Ortega to second
Batting: LHB Brent Haynes 0-0: Called Strike
0-1: Ball
1-1: Foul Ball, location: 2F
1-2: Ball
2-2: Ball
3-2: Foul Ball, location: 2F
3-2: Base on Balls
Manuel Ortega to third
Pedro Delgado to second
Batting: LHB Miguel Pérez 0-0: Called Strike
0-1: Ball
1-1: Foul Ball, location: 2F
1-2: Foul Ball, location: 2F
1-2: Strikes out swinging
Batting: RHB Ricardo Medina 0-0: Called Strike
0-1: Called Strike
0-2: Fly out, F7 (Flyball, 7S)
Top of the 5th over - 0 runs, 0 hits, 0 errors, 3 left on base; Manhatten 5 - Barry's Bay 7
BOTTOM OF THE 5TH
Barry's Bay Orioles batting - Pitching for Manhatten Meatheads : LHP León Vargas
Batting: RHB River Cunningham 0-0: Foul Ball, location: 2F
0-1: Foul Ball, location: 2F
0-2: Foul Ball, location: 2F
0-2: Foul Ball, location: 2F
0-2: Ball
1-2: Foul Ball, location: 2F
1-2: Foul Ball, location: 2F
1-2: Foul Ball, location: 2F
1-2: Ball
2-2: Ground out 5-3 (Groundball, 56)
Batting: RHB Octávio Aldeguer 0-0: Ball
1-0: Swinging Strike
1-1: Called Strike
1-2: Ball
2-2: Ball
3-2: Base on Balls
Batting: SHB José Rojas 0-0: Ball
1-0: Ball
2-0: Called Strike
2-1: Foul Ball, location: 2F
2-2: Ball
Octávio Aldeguer steals 2nd base
3-2: Ground out U3 (Groundball, 3)
Octávio Aldeguer to third
Batting: LHB Joe Vásquez 0-0: Called Strike
0-1: Called Strike
Steal of home, Octávio Aldeguer is safe
0-2: Foul Ball, location: 2F
0-2: Ball
1-2: Ball
2-2: Strikes out swinging
Bottom of the 5th over - 1 run, 0 hits, 0 errors, 0 left on base; Manhatten 5 - Barry's Bay 8
TOP OF THE 6TH
Manhatten Meatheads batting - Pitching for Barry's Bay Orioles : LHP José Meléndez
Batting: RHB Luis Reynoso 0-0: Fly out, F5 (Popup, 5SF)
Batting: RHB Rudy Boyd 0-0: Ball
1-0: Foul Ball, location: 2F
1-1: Foul Ball, location: 2F
1-2: Ball
2-2: Ground out 4-3 (Groundball, 4)
Batting: RHB Santiago Díaz 0-0: Ball
1-0: Fly out, F7 (Line Drive, 7)
Top of the 6th over - 0 runs, 0 hits, 0 errors, 0 left on base; Manhatten 5 - Barry's Bay 8
BOTTOM OF THE 6TH
Barry's Bay Orioles batting - Pitching for Manhatten Meatheads : LHP León Vargas
Pitching: RHP Carlos Montés
Batting: RHB Jim Martin 0-0: Foul Ball, location: 2F
0-1: Ball
1-1: Foul Ball, location: 2F
1-2: SINGLE (Line Drive, 7S)
Batting: LHB Greg Sharpe 0-0: Called Strike
0-1: SINGLE (Line Drive, 9S)
Jim Martin to second
Batting: RHB Lynn Johnson 0-0: Foul Ball, location: 2F
0-1: Swinging Strike
0-2: Strikes out swinging
Batting: RHB Juan Morales 0-0: Called Strike
0-1: SINGLE (Groundball, 6D)
Jim Martin to third
Greg Sharpe to second
Batting: RHB Jason Cook 0-0: Ball
1-0: Ball
2-0: Foul Ball, location: 2F
2-1: SINGLE (Groundball, 6MD)
Jim Martin scores
Greg Sharpe to third
Juan Morales to second
Runner from 3rd tries for Home, SAFE, no throw
Batting: RHB River Cunningham 0-0: SINGLE (Line Drive, 8LS)
Juan Morales to third
Jason Cook to second
Batting: RHB Octávio Aldeguer 0-0: Ball
1-0: Ball
2-0: Called Strike
2-1: Swinging Strike
2-2: Ball
3-2: Strikes out swinging
Batting: SHB José Rojas 0-0: Ball
1-0: Called Strike
1-1: Foul Ball, location: 2F
1-2: Strikes out swinging
Bottom of the 6th over - 2 runs, 5 hits, 0 errors, 3 left on base; Manhatten 5 - Barry's Bay 10
TOP OF THE 7TH
Manhatten Meatheads batting - Pitching for Barry's Bay Orioles : LHP José Meléndez
Batting: LHB Manuel Ortega 0-0: Swinging Strike
0-1: Foul Ball, location: 2F
0-2: Foul Ball, location: 2F
0-2: SINGLE (Popup, 56D)
Batting: RHB James Morris 0-0: Ball
1-0: Foul Ball, location: 2F
1-1: Ball
2-1: Foul Ball, location: 2F
2-2: Ball
3-2: Base on Balls
Manuel Ortega to second
Batting: RHB Pedro Delgado 0-0: Ball
1-0: Ball
2-0: Called Strike
2-1: Fly out, F8 (Flyball, 78D)
Batting: LHB Brent Haynes 0-0: Foul Ball, location: 2F
0-1: Ball
1-1: Ball
2-1: Called Strike
2-2: Foul Ball, location: 2F
2-2: Ball
3-2: Foul Ball, location: 2F
3-2: Base on Balls
Manuel Ortega to third
James Morris to second
Batting: LHB Miguel Pérez 0-0: Ball
1-0: Foul Ball, location: 2F
1-1: Ball
2-1: Grounds into fielders choice 1-2 (Groundball, 13S)
James Morris to third
Brent Haynes to second
Batting: RHB Ricardo Medina 0-0: Fly out, F7 (Flyball, 7LS)
Top of the 7th over - 0 runs, 1 hit, 0 errors, 3 left on base; Manhatten 5 - Barry's Bay 10
BOTTOM OF THE 7TH
Barry's Bay Orioles batting - Pitching for Manhatten Meatheads : RHP Carlos Montés
Batting: LHB Joe Vásquez 0-0: Ball
1-0: Swinging Strike
1-1: Ball
2-1: Ball
3-1: Foul Ball, location: 2F
3-2: SINGLE (Line Drive, 8RS)
Batting: RHB Jim Martin 0-0: Called Strike
0-1: Ball
1-1: SINGLE (Groundball, 34D)
Joe Vásquez to second
Runner from 2nd tries for 3rd, SAFE, throw made to third
Batting: LHB Greg Sharpe 0-0: Ball
1-0: Ball
2-0: Called Strike
2-1: Ball
3-1: Swinging Strike
3-2: Foul Ball, location: 2F
3-2: 3-RUN HOME RUN (Flyball, 9D), Distance : 340 ft
Batting: RHB Lynn Johnson 0-0: Ball
1-0: Called Strike
1-1: Ball
2-1: Called Strike
2-2: Ball
3-2: Base on Balls
Batting: RHB Juan Morales 0-0: Ball
1-0: SINGLE (Groundball, 6MD)
Lynn Johnson to second
Runner from 2nd tries for 3rd, SAFE, throw made to third
Batting: RHB Jason Cook 0-0: Ball
1-0: Called Strike
1-1: Ball
2-1: Swinging Strike
2-2: Foul Ball, location: 2F
2-2: Ball
3-2: Strikes out swinging
Batting: RHB River Cunningham 0-0: Ball
1-0: Foul Ball, location: 2F
1-1: Foul Ball, location: 2F
1-2: Ball
2-2: Fly out, F7 (Flyball, 7S)
Runner from 3rd tags up, SCORES, throw made
Batting: RHB Octávio Aldeguer 0-0: Ball
1-0: Ball
2-0: Called Strike
2-1: Foul Ball, location: 2F
2-2: Foul Ball, location: 2F
2-2: Ground out 4-3 (Groundball, 4)
Bottom of the 7th over - 4 runs, 4 hits, 0 errors, 1 left on base; Manhatten 5 - Barry's Bay 14
TOP OF THE 8TH
Manhatten Meatheads batting - Pitching for Barry's Bay Orioles : LHP José Meléndez
Now in LF: Terry Christian
Batting: RHB Luis Reynoso 0-0: Called Strike
0-1: Foul Ball, location: 2F
0-2: Foul Ball, location: 2F
0-2: Strikes out looking
Batting: RHB Rudy Boyd 0-0: Ball
1-0: Foul Ball, location: 2F
1-1: Swinging Strike
1-2: Ball
2-2: Foul Ball, location: 2F
2-2: Ball
3-2: Foul Ball, location: 2F
3-2: Strikes out swinging
Batting: RHB Santiago Díaz 0-0: Ball
1-0: Ball
2-0: Ball
3-0: Called Strike
3-1: Base on Balls
Batting: LHB Manuel Ortega 0-0: Called Strike
0-1: Ball
1-1: Ball
2-1: Ball
3-1: Swinging Strike
3-2: Foul Ball, location: 2F
3-2: Ground out 6-3 (Groundball, 6)
Top of the 8th over - 0 runs, 0 hits, 0 errors, 1 left on base; Manhatten 5 - Barry's Bay 14
BOTTOM OF THE 8TH
Barry's Bay Orioles batting - Pitching for Manhatten Meatheads : RHP Carlos Montés
Batting: SHB José Rojas 0-0: Foul Ball, location: 2F
0-1: Ball
1-1: Ball
2-1: Fly out, F8 (Flyball, 78XD)
Batting: LHB Joe Vásquez 0-0: Called Strike
0-1: Ball
1-1: Ball
2-1: Foul Ball, location: 2F
2-2: Ball
3-2: Strikes out looking
Batting: RHB Jim Martin 0-0: Foul Ball, location: 2F
0-1: Ball
1-1: Foul Ball, location: 2F
1-2: Foul Ball, location: 2F
1-2: Strikes out swinging, 2-3 out at first.
Bottom of the 8th over - 0 runs, 0 hits, 0 errors, 0 left on base; Manhatten 5 - Barry's Bay 14
TOP OF THE 9TH
Manhatten Meatheads batting - Pitching for Barry's Bay Orioles : LHP José Meléndez
Batting: RHB James Morris 0-0: Called Strike
0-1: Foul Ball, location: 2F
0-2: SINGLE (Line Drive, 6D)
Batting: RHB Pedro Delgado 0-0: Ball
1-0: Grounds into double play, 6-4-3 (Groundball, 6)
Batting: LHB Brent Haynes 0-0: Ball
1-0: Called Strike
1-1: Ball
2-1: Foul Ball, location: 2F
2-2: Foul Ball, location: 2F
2-2: Foul Ball, location: 2F
2-2: Ball
3-2: Foul Ball, location: 2F
3-2: SINGLE (Line Drive, 6MD)
Batting: LHB Miguel Pérez 0-0: SINGLE (Groundball, 4MD)
Brent Haynes to second
Batting: RHB Ricardo Medina 0-0: Ball
1-0: Called Strike
1-1: Fly out, F6 (Line Drive, 6M)
Top of the 9th over - 0 runs, 3 hits, 0 errors, 2 left on base; Manhatten 5 - Barry's Bay 14
Saturday, December 16th, 2017 - OOTP Baseball 18.8 Build 76